 Dungeon Crawl Stone Soup version 0.31-a0-702-gf82c85558f (webtiles) character file.

Game seed: 5222810402381619846

294 Shayle the Trooper (level 6, -7/65 HPs)
             Began as an Ogre Shapeshifter on Sept 8, 2023.
             Mangled by an ice beast (10 damage)
             ... on level 4 of the Dungeon.
             The game lasted 00:08:04 (3322 turns).

Shayle the Trooper (Ogre Shapeshifter)              Turns: 3322, Time: 00:08:04

Health: -7/65      AC:  3    Str: 19    XL:     6   Next: 33%
Magic:  11/11      EV:  9    Int: 13    God:
Gold:   199        SH:  0    Dex:  8    Spells: 12/12 levels left

rFire   . .          .
                       - Unarmed
rCold   . . .        (no shield)
rNeg    . . .        a - +0 animal skin
rPois   .            (helmet currently unavailable)
rElec   .            (cloak currently unavailable)
rCorr   .            (gloves unavailable)
SInv    .            (boots unavailable)
Will    +....        (no amulet)
Stlth   +            (no ring)
HPRegen 0.30/turn    (no ring)
MPRegen 0.12/turn

%: no passive effects
@: beast-form, enlightened, flying
A: beast (slay +2), large, unfitting armour, tough skin 1
a: Begin Untransformation


You were on level 4 of the Dungeon.
You were a hulking beast.
You visited 1 branch of the dungeon, and saw 4 of its levels.

You collected 199 gold pieces.

Inventory:

Missiles
 m - 5 large rocks
Armour
 a - a +0 animal skin (worn)
Talismans
 c - a beast talisman (active)
 d - a flux talisman
Scrolls
 b - 2 scrolls of identify {unknown}
 e - 2 scrolls of brand weapon {unknown}
 f - a scroll of noise {unknown}
 i - a scroll of fear {unknown}
 j - a scroll of fog {unknown}
 k - a scroll of teleportation {unknown}
Potions
 g - 2 potions of haste


   Skills:
 + Level 4.9 Fighting
 - Level 1.7 Dodging
 - Level 2.6 Unarmed Combat
 + Level 3.6 Spellcasting
 + Level 4.3 Shapeshifting


You had 12 spell levels left.
You didn't know any spells.
Your spell library contained the following spells:

 Spells                   Type           Power      Damage    Failure   Level
 Apportation              Tloc           4%         N/A       22%         1
 Necrotise                Necr           8%         1d4       22%         1
 Shock                    Conj/Air       8%         1d3       22%         1
 Summon Small Mammal      Summ           8%         N/A       22%         1
 Hailstorm                Conj/Ice       2%         3d3       54%         3
 Inner Flame              Hex/Fire       2%         N/A       54%         3
 Swiftness                Air            2%         N/A       54%         3
 Airstrike                Air            1%         2d(1-17)  91%         4
 Summon Ice Beast         Ice/Summ       2%         N/A       91%         4
 Yara's Violent Unravell  Hex/Tmut       1%         3d3       99%         5
 Simulacrum               Ice/Necr       1%         N/A       100%        6
 Enfeeble                 Hex            1%         N/A       100%        7


Dungeon Overview and Level Annotations

Branches:
Dungeon (4/15)
 Temple: D:4-7

Altars:
Cheibriados
Gozag
Makhleb
Qazlal


Innate Abilities, Weirdness & Mutations

You are a hulking beast.
Your limbs bulge with bestial killing power. (Slay +2)
You are too large for most types of armour.
You have tough skin. (AC +1)


Message History

The ice beast is lightly wounded.
The ice beast barely misses you.
You feel much better.
The ice beast hits you but does no damage.
Okay, then.
You hit the ice beast.
The ice beast is moderately wounded.
The ice beast hits you. The ice beast freezes you!
You hit the ice beast.
The ice beast is moderately wounded.
The ice beast hits you. The ice beast freezes you!
You hit the ice beast.
The ice beast is moderately wounded.
The ice beast completely misses you.
It was a potion of enlightenment.
You feel very buoyant.
You fly up into the air.
The ice beast misses you.
Okay, then.
You hit the ice beast but do no damage.
The ice beast is moderately wounded.
The ice beast hits you.
* * * LOW HITPOINT WARNING * * *
The ice beast freezes you!
* * * LOW HITPOINT WARNING * * *
Unknown command.
You hit the ice beast.
The ice beast is heavily wounded.
Welcome back, Shayle the Ogre Shapeshifter.
Press ? for a list of commands and other information.
The ice beast hits you but does no damage.
The ice beast attacks as it pursues you!
The ice beast hits you.
* * * LOW HITPOINT WARNING * * *
The ice beast freezes you.
* * * LOW HITPOINT WARNING * * *
The ice beast attacks as it pursues you!
The ice beast hits you.
* * * LOW HITPOINT WARNING * * *
The ice beast freezes you!
You die...

# .# ###### ###.
#.Y..# #.. #h##.# #.#
##:##o######.######
#......)$..........
#..................
#....................
#+#......[...........
........!...........
.....................
.....................


You could see an ice beast.

Vanquished Creatures
  A scorpion (D:4)
  Natasha (twice) (D:3)
  An iguana (D:3)
  3 gnolls (D:3)
  6 adders
  2 dart slugs
  An orc (D:3)
  8 endoplasms
  3 giant cockroaches
  2 hobgoblins (D:3)
  9 jackals
  5 quokkas
  2 ball pythons
  6 bats
  A frilled lizard (D:2)
  5 goblins
  8 kobolds
  4 rats
69 creatures vanquished.

Notes
Turn   | Place    | Note
-------+----------+-------------------------------------------
     0 | D:1      | Shayle the Ogre Shapeshifter began the quest for the Orb.
     0 | D:1      | Reached XP level 1. HP: 19/19 MP: 1/1
   263 | D:1      | Reached XP level 2. HP: 10/28 MP: 3/3
   268 | D:1      | Reached skill level 1 in Spellcasting
   652 | D:2      | Reached XP level 3. HP: 36/36 MP: 3/5
  1182 | D:2      | Reached XP level 4. HP: 42/45 MP: 5/7
  1498 | D:3      | Found a stormy altar of Qazlal.
  1531 | D:3      | Found an opulent altar of Gozag.
  1728 | D:3      | Found a burning altar of Makhleb.
  1851 | D:3      | Noticed Natasha
  1857 | D:3      | Killed Natasha
  1954 | D:3      | Noticed Natasha
  1975 | D:3      | Killed Natasha
  1976 | D:3      | Reached XP level 5. HP: 26/54 MP: 7/9
  2277 | D:3      | Found a snail-covered altar of Cheibriados.
  3125 | D:4      | Reached XP level 6. HP: 37/65 MP: 9/11
  3287 | D:4      | Noticed an ice beast
  3321 | D:4      | HP: 3/65 [ice beast (5)]
  3322 | D:4      | Mangled by an ice beast

Illustrated notes

Levels and vault maps discovered:
D:1:      lightli_arrival_statue_moat, layout_rooms, bh_walls_and_bars
D:2:      layout_loops_ring
D:3:      layout_basic, cheibriados_altar_1, mainiacjoe_overflow_tiny_flanked,
          nicolae_overflow_hidden_temple, serial_aquarium,
          aquarium_bridge_square [aquarium_subvault_bridge,
          aquarium_subvault_bridge, aquarium_subvault_bridge,
          aquarium_subvault_window], aquarium_window_corner, aquarium_window_2,
          aquarium_window_fake, aquarium_view_2e, aquarium_view_2e,
          aquarium_pool_2, serial_bayou_pond_e, uniq_natasha
D:4:      layout_basic, serial_bayou, serial_bayou_crossing,
          serial_bayou_shore_b, serial_bayou_pond_e, serial_bayou_pond_d

Skill      XL: |  1  2  3  4  5 |
---------------+----------------+-----
Fighting       | 2 3 4 |  4.9
Spellcasting   | 1 2 3 |  3.6
Shapeshifting  | 4 |  4.3
Dodging        | |  1.7
Unarmed Combat | |  2.6

Action                     |  1- 3 |  4- 6 || total
---------------------------+-------+-------++-------
  Melee: Unarmed           |    83 |   161 ||   244
         Punch             |     2 |     2 ||     4
    Use: Potion            |     1 |     4 ||     5
   Stab: Sleeping          |     2 |       ||     2
 Armour: Animal skin       |    58 |   126 ||   184
         Skin              |     2 |       ||     2
  Dodge: Dodged            |    38 |    71 ||   109

Table legend: (Time is in decaauts)
 A = Elapsed time spent in this place.
 B = Non-inter-level travel time spent in this place.
 C = Inter-level travel time spent in this place.
 D = Time resting spent in this place.
 E = Time spent auto-exploring this place.
 F = Levels seen in this place.
 G = Mean time per level.
                   A        B        C        D        E       F      G
               +--------+--------+--------+--------+--------+-----+--------+
         Total |   3321 |   2911 |    410 |    358 |   1879 |   4 |  830.2 |
       Dungeon |   3321 |   2911 |    410 |    358 |   1879 |   4 |  830.2 |
               +--------+--------+--------+--------+--------+-----+--------+

Top non-repeatable levels by time:
     D:3: 1530 daAuts
     D:2: 845 daAuts
     D:1: 648 daAuts
     D:4: 296 daAuts
